 Dungeon Crawl Stone Soup version 0.21-a0-371-gd56c60c (webtiles) character file.

66 JackS81 the Grave Robber (level 3, -3/24 HPs)
             Began as a Demonspawn Necromancer on Oct 16, 2017.
             Slain by a gnoll
             ... wielding a +0 halberd
              (13 damage)
             ... on level 2 of the Dungeon.
             The game lasted 00:07:54 (949 turns).

JackS81 the Grave Robber (Demonspawn Necromancer)    Turns: 949, Time: 00:07:56

Health: -3/24      AC:  2    Str:  8    XL:     3   Next: 96%
Magic:  4/6        EV: 12    Int: 17    God:
Gold:   71         SH:  0    Dex: 13    Spells: 4/6 levels left

rFire    . . .     SeeInvis .   e - +0 spear
rCold    . . .     Gourm    .   (no shield)
rNeg     . . .     Faith    .   a - +0 robe
rPois    .         Spirit   .   (no helmet)
rElec    .         Reflect  .   (no cloak)
rCorr    .         Harm     .   (no gloves)
MR       .....                  (no boots)
Stlth    ++........             (no amulet)
HPRegen  0.08/turn              (no ring)
MPRegen  0.10/turn              (no ring)

@: no status effects
A: claws 1
a: no special abilities


You were on level 2 of the Dungeon.
You were not hungry.

You visited 1 branch of the dungeon, and saw 2 of its levels.

You collected 71 gold pieces.

Inventory:

Hand Weapons
 e - a +0 spear (weapon)
Armour
 a - a +0 robe (worn)
 d - a +1 buckler of reflection
Scrolls
 f - a scroll of remove curse {unknown}
 j - a scroll of recharging {unknown}
 k - 2 scrolls of identify {unknown}
Potions
 g - a potion of berserk rage {unknown}
 h - 2 potions of flight {unknown}
 i - a potion of degeneration {unknown}
 m - 2 potions of heal wounds {unknown}
 n - a potion of curing {unknown}
Books
 b - a book of Necromancy

   Spells                             Type                      Level
   a - Pain                           Necromancy                   1
   b - Animate Skeleton               Necromancy                   1
   c - Vampiric Draining              Necromancy                   3
   d - Regeneration                   Charms/Necromancy            3
   e - Animate Dead                   Necromancy                   4
   f - Control Undead                 Necromancy                   4
Comestibles
 c - a bread ration
 l - 5 chunks of flesh


   Skills:
 - Level 1.7 Dodging
 - Level 1.7 Stealth
 - Level 2.0 Spellcasting
 * Level 6.1 Necromancy


You had 4 spell levels left.
You knew the following spells:

 Your Spells              Type           Power        Failure   Level  Hunger
a - Pain                  Necr           ###.         1%          1    #......
b - Animate Skeleton      Necr           N/A          1%          1    #......


Dungeon Overview and Level Annotations

Branches:
Dungeon (2/15)

Altars:


Innate Abilities, Weirdness & Mutations

You have sharp fingernails.


Message History

What are your orders? t - Shout!
Orders for allies: a - Attack new target. r - Retreat! s - Stop attacking. g - Guard the area. f - Follow me.
Anything else - Cancel.
Gang up on whom?
Press: ? - help, Dir - move target cursor, f - gnoll
Aim: a gnoll, wielding a halberd (fast) Attack!
The gnoll misses you.
Your rat skeleton bites the leopard gecko.
Your adder skeleton bites the gnoll.
You hit the leopard gecko.
You kill the leopard gecko!
The gnoll barely misses you.
Your adder skeleton closely misses the gnoll.
Your rat skeleton bites the gnoll.
The gnoll hits you from afar with a halberd!
Ouch! That really hurt!
You die...

###### #>.Z.# #Z##.##
#Z##.Z#### #
#Z###....#### ###. #Z#
####....###... #Z#
####..#..# #.# ##Z#.# #.#
#@..###.##
#####Z##########ZZ.....).
#.............ggZ†w.###.#
####..###########.#.....
#..## #.#..##.# ##..# #.#
... #...# ..# ##..
####.#.#### .## ...
.....Z....## . ..


You could see a gnoll, a dart slug, a friendly adder skeleton, 2 friendly rat
skeletons and a friendly quokka skeleton.

Vanquished Creatures
  A gnoll (D:2)
  An adder (D:2)
  A leopard gecko (D:2)
  A bat (D:1)
  A giant cockroach (D:2)
  4 hobgoblins (D:1)
  A quokka (D:2)
  A frilled lizard (D:1)
  5 goblins
  2 kobolds (D:1)
  3 rats
21 creatures vanquished.

Vanquished Creatures (collateral kills)
  A gnoll (D:2)
  An adder (D:2)
  An ooze (D:1)
  A leopard gecko (D:2)
  2 bats
  A goblin (D:1)
  A hobgoblin (D:1)
  3 kobolds
  2 rats
13 creatures vanquished.

Grand Total: 34 creatures vanquished

Notes
Turn   | Place    | Note
-------+----------+-------------------------------------------
     0 | D:1      | JackS81 the Demonspawn Necromancer began the quest for the Orb.
     0 | D:1      | Reached XP level 1. HP: 13/13 MP: 3/3
     2 | D:1      | Learned a level 1 spell: Animate Skeleton
   273 | D:1      | Gained mutation: You have sharp fingernails. [demonic ancestry]
   273 | D:1      | Reached XP level 2. HP: 19/19 MP: 3/5
   282 | D:1      | Reached skill level 5 in Necromancy
   734 | D:2      | Reached XP level 3. HP: 19/24 MP: 0/6
   884 | D:2      | Reached skill level 6 in Necromancy
   949 | D:2      | Slain by a gnoll

Vault maps used:
D:1:      dpeg_arrival_simpleton_c, minmay_misc_feat_tower, serial_bayou_pond_a,
          minmay_pentomino_o4
D:2:      first_bread, chequers_ecumenical_altar_simple_redux

Skill      XL: |  1  2  3 |
---------------+----------+-----
Necromancy     | 5 6 |  6.1
Dodging        | |  1.7
Stealth        | |  1.7
Spellcasting   | |  2.0

Action                   || total
-------------------------++-------
Melee: Spear             ||    86
       Unarmed           ||     2
 Cast: Animate Skeleton  ||    15
       Pain              ||    19
 Stab: Sleeping          ||     1
  Eat: Chunk             ||     1
Armor: Robe              ||    19
Dodge: Dodged            ||    48

Table legend:
 A = Spawn XP
 B = Non-spawn XP
 C = Spawn XP percentage of total XP
 D = Spawn monster count
 E = Non-spawn monster count
 F = Spawn count percentage of total count
 G = Total turns spent on level
                    A         B        C        D         E        F      G
               +---------+---------+-------+---------+---------+-------+---------
         Total |       0 |      95 |   0.0 |       0 |      34 |   0.0 |   949
               +---------+---------+-------+---------+---------+-------+---------
           D:1 |       0 |      34 |   0.0 |       0 |      19 |   0.0 |   670
           D:2 |       0 |      61 |   0.0 |       0 |      15 |   0.0 |   279
               +---------+---------+-------+---------+---------+-------+---------
